TOP OF THE 1ST |
Pittsburgh Killa Beez batting - Pitching for Yellowknife Claws : RHP George Pierce
|
Pitching: RHP George Pierce
|
|
Batting: RHB Stan Taylor
|
0-0: Foul Ball, location: 2F 0-1: Swinging Strike 0-2: Fly out, F7 (Flyball, 7S)
|
Batting: LHB José Guerrero
|
0-0: Ball 1-0: Ball 2-0: SINGLE (Line Drive, 3)
|
Batting: SHB Tony Morrison
|
0-0: Ball 1-0: SINGLE (Groundball, 3) (infield hit) José Guerrero to second
|
Batting: LHB Al Miller
|
0-0: Foul Ball, location: 2F 0-1: Foul Ball, location: 2F 0-2: DOUBLE (Flyball, 7LM) José Guerrero scores Tony Morrison to third
|
Batting: RHB Brian Harvey
|
0-0: Foul Ball, location: 2F 0-1: Called Strike 0-2: Strikes out swinging
|
Batting: RHB Gustavo Valle
|
0-0: Ball 1-0: Ball 2-0: Foul Ball, location: 2F 2-1: Ball 3-1: SINGLE (Groundball, 6MD) Tony Morrison scores Al Miller to third Runner from 3rd tries for Home, SAFE, no throw
|
Batting: RHB Mal Roberson
|
0-0: Called Strike 0-1: Ball 1-1: Ball 2-1: Ball 3-1: Foul Ball, location: 2F 3-2: Strikes out swinging
|
Top of the 1st over - 3 run(s), 4 hit(s), 0 error(s), 1 left on base; Pittsburgh 3 - Yellowknife 0 |
BOTTOM OF THE 1ST |
Yellowknife Claws batting - Pitching for Pittsburgh Killa Beez : RHP Rafael Lucero
|
Pitching: RHP Rafael Lucero
|
|
Batting: RHB Fernando Álvarez
|
0-0: Ground out 5-3 (Groundball, 5)
|
Batting: RHB Oliver Gonzéles
|
0-0: Ground out 5-3 (Groundball, 56)
|
Batting: SHB José Espinoza
|
0-0: Ball 1-0: Ball 2-0: Ball 3-0: Called Strike 3-1: Base on Balls
|
Batting: RHB Diego Cabańas
|
0-0: Fielders Choice at 2nd, 6-4 (Groundball, 6)
|
Bottom of the 1st over - 0 run(s), 0 hit(s), 0 error(s), 0 left on base; Pittsburgh 3 - Yellowknife 0 |
TOP OF THE 2ND |
Pittsburgh Killa Beez batting - Pitching for Yellowknife Claws : RHP George Pierce
|
Batting: RHB Travis Ezell
|
0-0: Ground out 6-3 (Groundball, 56)
|
Batting: RHB Fernando Vázquez
|
0-0: Ground out 5-3 (Groundball, 56)
|
Batting: RHB Stan Taylor
|
0-0: Ball 1-0: Ball 2-0: Ball 3-0: Base on Balls
|
Batting: LHB José Guerrero
|
0-0: Foul Ball, location: 2F 0-1: Ball 1-1: Foul Ball, location: 2F 1-2: SINGLE (Line Drive, 8LS) Stan Taylor to second
|
Batting: SHB Tony Morrison
|
0-0: Foul Ball, location: 2F 0-1: Called Strike 0-2: Ball 1-2: Strikes out swinging
|
Top of the 2nd over - 0 run(s), 1 hit(s), 0 error(s), 2 left on base; Pittsburgh 3 - Yellowknife 0 |
BOTTOM OF THE 2ND |
Yellowknife Claws batting - Pitching for Pittsburgh Killa Beez : RHP Rafael Lucero
|
Batting: RHB Bob Bishop
|
0-0: Called Strike 0-1: Swinging Strike 0-2: Ball 1-2: Strikes out swinging
|
Batting: RHB Curt O'Brian
|
0-0: Called Strike 0-1: Ball 1-1: Swinging Strike 1-2: Foul Ball, location: 2F 1-2: Fly out, F9 (Line Drive, 9)
|
Batting: RHB Alan Williams
|
0-0: Foul Ball, location: 2F 0-1: SINGLE (Groundball, 6MD)
|
Batting: RHB Carlos Uribe
|
0-0: Ball 1-0: Ball 2-0: Ball 3-0: Called Strike 3-1: Ground out 1-3 (Groundball, 15)
|
Bottom of the 2nd over - 0 run(s), 1 hit(s), 0 error(s), 1 left on base; Pittsburgh 3 - Yellowknife 0 |
TOP OF THE 3RD |
Pittsburgh Killa Beez batting - Pitching for Yellowknife Claws : RHP George Pierce
|
Batting: LHB Al Miller
|
0-0: Ball 1-0: Called Strike 1-1: Swinging Strike 1-2: Strikes out swinging
|
Batting: RHB Brian Harvey
|
0-0: SINGLE (Groundball, 6MD)
|
Batting: RHB Gustavo Valle
|
0-0: Swinging Strike 0-1: Foul Ball, location: 2F 0-2: Strikes out looking
|
Batting: RHB Mal Roberson
|
0-0: Foul Ball, location: 2F 0-1: Ball 1-1: Ball 2-1: Fielders Choice at 2nd, 6-4 (Groundball, 6)
|
Top of the 3rd over - 0 run(s), 1 hit(s), 0 error(s), 0 left on base; Pittsburgh 3 - Yellowknife 0 |
BOTTOM OF THE 3RD |
Yellowknife Claws batting - Pitching for Pittsburgh Killa Beez : RHP Rafael Lucero
|
Batting: RHB Juan Gómez
|
0-0: Called Strike 0-1: Ball 1-1: Foul Ball, location: 2F 1-2: Ball 2-2: Foul Ball, location: 2F 2-2: Ball 3-2: Foul Ball, location: 2F 3-2: Base on Balls
|
Batting: RHB Fernando Álvarez
|
0-0: Ball 1-0: Ball 2-0: Swinging Strike 2-1: Called Strike 2-2: Foul Ball, location: 2F 2-2: Foul Ball, location: 2F 2-2: Ball 3-2: Strikes out looking
|
Batting: RHB Oliver Gonzéles
|
0-0: Ball 1-0: DOUBLE (Line Drive, 8LD) Juan Gómez to third
|
Batting: SHB José Espinoza
|
0-0: Called Strike 0-1: Ball 1-1: Called Strike 1-2: Strikes out swinging
|
Batting: RHB Diego Cabańas
|
0-0: Fly out, F3 (Popup, 3)
|
Bottom of the 3rd over - 0 run(s), 1 hit(s), 0 error(s), 2 left on base; Pittsburgh 3 - Yellowknife 0 |
TOP OF THE 4TH |
Pittsburgh Killa Beez batting - Pitching for Yellowknife Claws : RHP George Pierce
|
Batting: RHB Travis Ezell
|
0-0: Called Strike 0-1: Ball 1-1: SINGLE (Line Drive, 8LS)
|
Batting: RHB Fernando Vázquez
|
0-0: Ball 1-0: Ball 2-0: Grounds into double play, 6-4-3 (Groundball, 6)
|
Batting: RHB Stan Taylor
|
0-0: Swinging Strike 0-1: Ball 1-1: Swinging Strike 1-2: Strikes out swinging
|
Top of the 4th over - 0 run(s), 1 hit(s), 0 error(s), 0 left on base; Pittsburgh 3 - Yellowknife 0 |
BOTTOM OF THE 4TH |
Yellowknife Claws batting - Pitching for Pittsburgh Killa Beez : RHP Rafael Lucero
|
Batting: RHB Bob Bishop
|
0-0: Called Strike 0-1: Fly out, F9 (Flyball, 9LM)
|
Batting: RHB Curt O'Brian
|
0-0: Swinging Strike 0-1: Ground out 6-3 (Groundball, 6M)
|
Batting: RHB Alan Williams
|
0-0: Fly out, F8 (Flyball, 8LM)
|
Bottom of the 4th over - 0 run(s), 0 hit(s), 0 error(s), 0 left on base; Pittsburgh 3 - Yellowknife 0 |
TOP OF THE 5TH |
Pittsburgh Killa Beez batting - Pitching for Yellowknife Claws : RHP George Pierce
|
Batting: LHB José Guerrero
|
0-0: Ball 1-0: Fly out, F8 (Flyball, 8LD)
|
Batting: SHB Tony Morrison
|
0-0: Ball 1-0: Ball 2-0: Called Strike 2-1: Foul Ball, location: 2F 2-2: Ball 3-2: Strikes out looking
|
Batting: LHB Al Miller
|
0-0: Ball 1-0: Foul Ball, location: 2F 1-1: Ball 2-1: Foul Ball, location: 2F 2-2: DOUBLE (Groundball, 3L)
|
Batting: RHB Brian Harvey
|
0-0: Called Strike 0-1: Ball 1-1: Ground out 4-3 (Groundball, 4)
|
Top of the 5th over - 0 run(s), 1 hit(s), 0 error(s), 1 left on base; Pittsburgh 3 - Yellowknife 0 |
BOTTOM OF THE 5TH |
Yellowknife Claws batting - Pitching for Pittsburgh Killa Beez : RHP Rafael Lucero
|
Batting: RHB Carlos Uribe
|
0-0: Ball 1-0: Ground out 5-3 (Groundball, 56)
|
Batting: RHB Juan Gómez
|
0-0: Called Strike 0-1: DOUBLE (Flyball, 78XD)
|
Batting: RHB Fernando Álvarez
|
0-0: Called Strike 0-1: Foul Ball, location: 2F 0-2: Strikes out swinging
|
Batting: RHB Oliver Gonzéles
|
0-0: Foul Ball, location: 2F 0-1: Ground out 3-1 (Groundball, 34)
|
Bottom of the 5th over - 0 run(s), 1 hit(s), 0 error(s), 1 left on base; Pittsburgh 3 - Yellowknife 0 |
TOP OF THE 6TH |
Pittsburgh Killa Beez batting - Pitching for Yellowknife Claws : RHP George Pierce
|
Batting: RHB Gustavo Valle
|
0-0: Ball 1-0: Ball 2-0: Called Strike 2-1: SINGLE (Flyball, 9S)
|
Pitching: RHP Dale Polk
|
|
Batting: RHB Mal Roberson
|
0-0: Ball 1-0: Ball 2-0: Grounds into double play, 6-4-3 (Groundball, 6)
|
Batting: RHB Travis Ezell
|
0-0: Ball 1-0: Called Strike 1-1: Called Strike 1-2: Ball 2-2: Strikes out looking
|
Top of the 6th over - 0 run(s), 1 hit(s), 0 error(s), 0 left on base; Pittsburgh 3 - Yellowknife 0 |
BOTTOM OF THE 6TH |
Yellowknife Claws batting - Pitching for Pittsburgh Killa Beez : RHP Rafael Lucero
|
Batting: SHB José Espinoza
|
0-0: Ball 1-0: Ball 2-0: Swinging Strike 2-1: Foul Ball, location: 2F 2-2: Foul Ball, location: 2F 2-2: Ground out 4-3 (Groundball, 4MD)
|
Batting: RHB Diego Cabańas
|
0-0: Ball 1-0: Called Strike 1-1: Foul Ball, location: 2F 1-2: Foul Ball, location: 2F 1-2: Fly out, F7 (Flyball, 7S)
|
Batting: RHB Bob Bishop
|
0-0: Called Strike 0-1: Ball 1-1: Foul Ball, location: 2F 1-2: Foul Ball, location: 2F 1-2: Ball 2-2: Ground out 6-3 (Groundball, 6)
|
Bottom of the 6th over - 0 run(s), 0 hit(s), 0 error(s), 0 left on base; Pittsburgh 3 - Yellowknife 0 |
TOP OF THE 7TH |
Pittsburgh Killa Beez batting - Pitching for Yellowknife Claws : RHP Dale Polk
|
Batting: RHB Fernando Vázquez
|
0-0: Ball 1-0: Foul Ball, location: 2F 1-1: Called Strike 1-2: Strikes out swinging
|
Batting: RHB Stan Taylor
|
0-0: Fly out, F4 (Line Drive, 4)
|
Batting: LHB José Guerrero
|
0-0: Ground out 6-3 (Groundball, 6)
|
Top of the 7th over - 0 run(s), 0 hit(s), 0 error(s), 0 left on base; Pittsburgh 3 - Yellowknife 0 |
BOTTOM OF THE 7TH |
Yellowknife Claws batting - Pitching for Pittsburgh Killa Beez : RHP Rafael Lucero
|
Batting: RHB Curt O'Brian
|
0-0: Ball 1-0: Called Strike 1-1: SINGLE (Line Drive, 6MD)
|
Pitching: LHP Germán Duarte
|
|
Batting: RHB Alan Williams
|
0-0: Ball 1-0: Ball 2-0: Foul Ball, location: 2F 2-1: SINGLE (Groundball, 4MD) Curt O'Brian to second
|
Batting: RHB Carlos Uribe
|
0-0: Foul Ball, location: 2F 0-1: Swinging Strike 0-2: SINGLE (Flyball, 8LM) Curt O'Brian to third Alan Williams to second Runner from 3rd tries for Home, SAFE, no throw
|
Batting: RHB Juan Gómez
|
0-0: Foul Ball, location: 2F 0-1: Foul Ball, location: 2F 0-2: Ball 1-2: Fly out, F9 (Flyball, 9S)
|
Pinch Hitting: RHB Ricardo Ontiveros
|
0-0: Called Strike 0-1: Ball 1-1: Ball 2-1: Ball 3-1: SINGLE (Flyball, 56D) Alan Williams to third Carlos Uribe to second
|
Batting: RHB Oliver Gonzéles
|
0-0: Ball 1-0: Ball 2-0: Called Strike 2-1: Ball 3-1: Ground out 5-3 (Groundball, 56S) Alan Williams scores Carlos Uribe to third Ricardo Ontiveros to second
|
Batting: SHB José Espinoza
|
0-0: Ball 1-0: Ball Wild Pitch! Carlos Uribe scores Ricardo Ontiveros to third 2-0: Ball 3-0: Called Strike 3-1: Base on Balls
|
Batting: RHB Diego Cabańas
|
0-0: Ball 1-0: Fielders Choice at 2nd, U4 (Groundball, 4M)
|
Bottom of the 7th over - 3 run(s), 4 hit(s), 0 error(s), 2 left on base; Pittsburgh 3 - Yellowknife 3 |
TOP OF THE 8TH |
Pittsburgh Killa Beez batting - Pitching for Yellowknife Claws : RHP Dale Polk
|
Now at SS: Ricardo Ontiveros
|
|
Batting: SHB Tony Morrison
|
0-0: Foul Ball, location: 2F 0-1: Ball 1-1: Swinging Strike 1-2: Ball 2-2: Foul Ball, location: 2F 2-2: Fly out, F6 (Line Drive, 6M)
|
Batting: LHB Al Miller
|
0-0: Ball 1-0: Ball 2-0: Foul Ball, location: 2F 2-1: Foul Ball, location: 2F 2-2: Ball 3-2: Single, Error in OF, E9, batter to second base
|
Pinch Hitting: RHB Manny Gallardo
|
0-0: Intentional Walk
|
Batting: RHB Gustavo Valle
|
0-0: Called Strike 0-1: Ball 1-1: Foul Ball, location: 2F 1-2: Strikes out swinging
|
Pinch Hitting: RHB Javier Sánchez
|
0-0: Ball 1-0: Swinging Strike 1-1: Swinging Strike 1-2: Foul Ball, location: 2F 1-2: Strikes out swinging
|
Top of the 8th over - 0 run(s), 1 hit(s), 1 error(s), 2 left on base; Pittsburgh 3 - Yellowknife 3 |
BOTTOM OF THE 8TH |
Yellowknife Claws batting - Pitching for Pittsburgh Killa Beez : LHP Germán Duarte
|
Now in LF: Steve Stephens
|
|
Now in RF: Julián Espinoza
|
|
Batting: RHB Bob Bishop
|
0-0: SINGLE (Groundball, 56D)
|
Batting: RHB Curt O'Brian
|
0-0: Reached on error, E1 (Groundball, 13S) Bob Bishop to second
|
Batting: RHB Alan Williams
|
0-0: Swinging Strike 0-1: Sac Bunt - play at third, runner OUT! 5-6 Curt O'Brian to second
|
Batting: RHB Carlos Uribe
|
0-0: Fly out, F5 (Popup, 5L)
|
Batting: RHB Juan Gómez
|
0-0: Ball 1-0: Ball 2-0: Ball 3-0: Base on Balls Curt O'Brian to third Alan Williams to second
|
Batting: RHB Ricardo Ontiveros
|
0-0: Foul Ball, location: 2F 0-1: Swinging Strike 0-2: Ball 1-2: DOUBLE (Line Drive, 8LM) Curt O'Brian scores Alan Williams scores Juan Gómez to third Runner from 3rd tries for Home, SAFE, throw made home
|
Pitching: LHP Bob Franklin
|
|
Batting: RHB Oliver Gonzéles
|
0-0: Called Strike 0-1: Ball 1-1: Hit by Pitch
|
Batting: SHB José Espinoza
|
0-0: Ball 1-0: Ball 2-0: Ball 3-0: Base on Balls Ricardo Ontiveros to third Oliver Gonzéles to second
|
Batting: RHB Diego Cabańas
|
0-0: Ball 1-0: Called Strike 1-1: Ball 2-1: Fielders Choice at 2nd, 4-6 (Groundball, 4)
|
Bottom of the 8th over - 3 run(s), 2 hit(s), 1 error(s), 2 left on base; Pittsburgh 3 - Yellowknife 6 |
TOP OF THE 9TH |
Pittsburgh Killa Beez batting - Pitching for Yellowknife Claws : RHP Dale Polk
|
Pitching: RHP Culley Booth
|
|
Batting: RHB Travis Ezell
|
0-0: Ball 1-0: Ball 2-0: Ball 3-0: Called Strike 3-1: Swinging Strike 3-2: Strikes out swinging
|
Batting: RHB Fernando Vázquez
|
0-0: Called Strike 0-1: Ball 1-1: Ground out 6-3 (Groundball, 6)
|
Batting: RHB Stan Taylor
|
0-0: Ball 1-0: Ground out 6-3 (Groundball, 6)
|
Top of the 9th over - 0 run(s), 0 hit(s), 0 error(s), 0 left on base; Pittsburgh 3 - Yellowknife 6 |
|